Map: Ever Dream LE

Players

uwuThermal (uThermal) - Winner!

  • Race: Terran Terran
  • League: Grandmaster
  • Spawn Location: 1:00

Denver

  • Race: Zerg Zerg
  • League: Grandmaster
  • Spawn Location: 7:00

Event: DreamHack SC2 Masters 2020 Fall

VOD

Have the link to the VOD?

Description

Time

  • Played on: Sept. 5, 2020, 2:30 p.m.
  • Length: 8:51

All games in this series

Show
View Real Time Build Order
Export as new Build Order

uwuThermal Terran - Winner!

Build Orders: Reaper Expand, Hellion Banshee 

Get SALT Encoding   

  12  0:00  SCV  
  13  0:12  SCV  
  14  0:17  Supply Depot  
  14  0:24  SCV  
  15  0:38  SCV  
  15  0:39  Barracks  
  16  0:43  Refinery  
  16  0:50  SCV  
  17  1:02  SCV  
  18  1:14  SCV  
  19  1:27  Orbital Command, Reaper  
  20  1:39  Command Center  
  20  1:47  Supply Depot  
  20  1:53  SCV  
  21  1:59  Marine  
  22  2:05  SCV  
  22  2:07  Factory  
  23  2:17  SCV  
  23  2:19  Barracks Reactor  
  24  2:29  SCV  
  25  2:41  Command Center, SCV  
  27  2:53  Orbital Command  
  26  2:59  Starport  
  26  3:01  SCV  
  26  3:04  Refinery  
  27  3:12  Hellion  
  29  3:13  SCV  
  29  3:16  Hellion  
  29  3:18  SCV  
  33  3:21  Barracks Tech Lab  
  33  3:25  SCV  
  34  3:30  SCV  
  37  3:34  Hellion  
  37  3:37  Hellion  
  37  3:40  SCV  
  40  3:42  SCV  
  40  3:43  Banshee  
  44  3:51  Barracks Tech Lab  
  44  3:53  SCV  
  44  3:54  SCV  
  46  3:55  Orbital Command  
  46  4:00  Hellion  
  46  4:01  Hellion  
  49  4:05  SCV  
  49  4:08  SCV  
  51  4:11  Supply Depot, Marine  
  51  4:13  Stimpack  
  52  4:17  SCV  
  52  4:20  SCV  
  52  4:23  SCV  
  55  4:28  Marine  
  55  4:29  SCV  
  57  4:35  Barracks, Starport Reactor  
  57  4:36  Barracks  
  57  4:37  Supply Depot  
  57  4:40  Siege Tank, SCV  
  61  4:47  Engineering Bay x2  
  61  4:49  SCV  
  61  4:50  Engineering Bay  
  62  4:54  Marine  
  62  4:55  Refinery  
  62  4:56  SCV x2  
  65  5:01  SCV  
  66  5:08  SCV  
  66  5:11  SCV  
  66  5:12  Siege Tank, Marine  
  64  5:22  Marine  
  64  5:26  SCV  
  52  5:29  Marine  
  52  5:30  Starport Reactor, Marine  
  52  5:31  Marine  
  52  5:32  Marine  
  52  5:40  Marine  
  46  5:44  Siege Tank  
  46  5:47  Marine  
  46  5:48  Marine  
  46  5:49  SCV, Marine  
  48  5:50  Marine  
  47  5:58  Marine  
  47  6:00  SCV  
  47  6:03  Combat Shield  
  49  6:05  Marine  
  49  6:06  SCV, Marine  
  49  6:10  Marine x2  
  54  6:11  SCV  
  54  6:16  Marine  
  54  6:17  SCV, Refinery  
  54  6:18  Terran Infantry Weapons Level 1  
  57  6:22  Terran Infantry Armor Level 1  
  57  6:23  SCV  
  57  6:24  SCV  
  59  6:29  SCV  
  59  6:30  Supply Depot, Marine  
  59  6:31  Marine  
  62  6:33  Marine  
  62  6:35  SCV  
  62  6:36  SCV  
  62  6:39  Supply Depot  
  65  6:42  Siege Tank  
  65  6:43  Marine  
  69  6:51  Supply Depot, Marine x2  
  69  6:52  SCV x2  
  73  6:55  Medivac, Marine  
  73  7:01  Medivac  
  78  7:02  Supply Depot  
  78  7:03  Marine  
  78  7:04  SCV x2  
  78  7:05  Marine  
  82  7:09  Marine  
  82  7:11  Marine  
  82  7:12  Supply Depot  
  84  7:16  SCV  
  84  7:17  Siege Tank  
  88  7:23  Marine x2  
  88  7:24  SCV  
  88  7:27  Medivac  
  88  7:29  Marine  
  94  7:30  SCV  
  94  7:31  Medivac  
  94  7:36  Marine  
  98  7:37  Armory  
  98  7:39  Marine  
  98  7:42  SCV, Marine  
  101  7:45  Marine  
  101  7:47  Marine  
  101  7:50  SCV  
  104  7:54  SCV, Marine  
  104  7:57  Marine  
  107  8:00  Marine  
  107  8:02  SCV  
  109  8:07  Supply Depot x2  
  109  8:13  Marine  
  109  8:18  SCV  
  109  8:19  Medivac, Marine  
  109  8:20  Medivac  
  109  8:21  SCV  
Show
View Real Time Build Order
Export as new Build Order

Denver Zerg 

Build Orders: Hatch First 

Get SALT Encoding   

  12  0:00  Drone  
  13  0:13  Overlord  
  13  0:18  Drone  
  14  0:31  Drone x2  
  16  0:48  Hatchery  
  15  0:52  Drone  
  15  0:55  Drone  
  17  0:59  Drone  
  18  1:10  Extractor  
  17  1:15  Spawning Pool  
  17  1:18  Drone  
  17  1:22  Drone  
  18  1:29  Drone  
  19  1:39  Drone  
  20  1:50  Overlord  
  20  2:02  Queen x2  
  20  2:03  Zergling x4  
  26  2:10  Metabolic Boost  
  26  2:12  Drone x2  
  28  2:33  Drone, Hatchery  
  28  2:37  Drone  
  28  2:41  Drone  
  28  2:43  Drone  
  30  2:50  Drone  
  31  2:52  Overlord  
  31  2:54  Drone  
  32  3:00  Queen  
  32  3:03  Drone  
  35  3:08  Drone  
  36  3:15  Drone x4  
  36  3:18  Overlord  
  40  3:22  Drone  
  41  3:30  Roach Warren  
  41  3:31  Extractor  
  41  3:33  Overlord  
  39  3:36  Drone  
  39  3:41  Drone  
  41  3:46  Drone x2  
  43  3:51  Zergling x2  
  43  3:52  Overlord, Zergling x2  
  45  4:11  Roach x7  
  45  4:12  Roach  
  45  4:15  Roach  
  63  4:18  Zergling x2  
  63  4:23  Zergling x6  
  66  4:27  Zergling x4  
  66  4:28  Zergling x2  
  69  4:35  Overlord  
  69  4:36  Zergling x4  
  71  4:49  Ravager x2  
  73  4:55  Zergling x10  
  73  4:56  Zergling x6  
  73  4:59  Overlord  
  81  5:02  Overlord  
  79  5:12  Zergling x4  
  72  5:25  Zergling x16  
  72  5:28  Ravager x2  
  63  5:37  Drone x5  
  63  5:41  Drone  
  66  5:48  Drone  
  66  5:49  Drone x2  
  62  5:54  Lair  
  62  5:56  Drone  
  59  6:00  Evolution Chamber  
  59  6:02  Evolution Chamber  
  55  6:05  Drone x2  
  55  6:08  Queen  
  55  6:10  Drone x5  
  62  6:12  Queen  
  62  6:15  Drone x2  
  62  6:16  Overlord  
  66  6:19  Drone  
  66  6:22  Extractor  
  66  6:25  Drone x4  
  70  6:27  Zerg Ground Armor Level 1  
  70  6:29  Zerg Melee Weapons Level 1  
  70  6:32  Baneling Nest  
  69  6:33  Drone x2  
  69  6:34  Drone  
  73  6:40  Drone x4  
  73  6:46  Spore Crawler  
  74  6:49  Drone x5  
  74  6:51  Extractor  
  74  6:53  Zergling x6  
  81  6:54  Overseer  
  81  6:55  Zergling x2  
  82  7:03  Zergling x4  
  82  7:05  Overlord  
  84  7:10  Drone  
  84  7:12  Zergling x2  
  84  7:13  Zergling x4, Spire  
  87  7:17  Hatchery  
  87  7:20  Centrifical Hooks  
  86  7:25  Drone  
  86  7:26  Drone  
  86  7:27  Extractor  
  86  7:28  Extractor  
  86  7:30  Zergling x12  
  86  7:32  Drone  
  86  7:34  Zergling x2  
  86  7:36  Baneling x3  
  86  7:37  Baneling x3  
  94  7:40  Zergling x8  
  98  7:44  Zergling x2  
  98  7:45  Zergling x2  
  98  7:50  Zergling x10  
  105  7:53  Overlord  
  104  7:59  Zergling x4  
  104  8:04  Overlord x2  
  106  8:07  Overlord  
  106  8:08  Overlord  
  93  8:19  Zergling x16  

Tags
 
Add a new tag
Caveats
  • Supply blocks, unpowered buildings, or Contaminate may cause inaccurate times.
  • Supply counts are checked every 10 seconds.